 Dungeon Crawl Stone Soup version 0.21.1-1-g345015fe64 (webtiles) character file.

46 Greboboi the Chiller (level 3, 0/26 HPs)
             Began as a Draconian Ice Elementalist on June 21, 2018.
             Slain by an adder (5 damage)
             ... on level 2 of the Dungeon.
             The game lasted 00:08:35 (1043 turns).

Greboboi the Chiller (Draconian Ice Elementalist)   Turns: 1043, Time: 00:08:35

Health: 0/26       AC:  5    Str: 10    XL:     3   Next: 46%
Magic:  1/6        EV: 12    Int: 16    God:
Gold:   30         SH:  0    Dex: 11    Spells: 3/6 levels left

rFire    . . .     SeeInvis .   j - +0 whip
rCold    . . .     Gourm    .   (no shield)
rNeg     . . .     Faith    .   (armour unavailable)
rPois    .         Spirit   .   (helmet restricted)
rElec    .         Reflect  .   (no cloak)
rCorr    .         Harm     .   (no gloves)
MR       .....                  (no boots)
Stlth    ++........             (no amulet)
HPRegen  0.08/turn              (no ring)
MPRegen  0.10/turn              (no ring)

@: lethally poisoned (0 -> -6)
A: unfitting armour, cold-blooded, AC +5
a: no special abilities


You were on level 2 of the Dungeon.
You were not hungry.

You visited 1 branch of the dungeon, and saw 2 of its levels.

You collected 30 gold pieces.

Inventory:

Hand Weapons
 f - a +0 short sword
 j - a +0 whip (weapon)
Jewellery
 i - an uncursed ring of wizardry {unknown}
Scrolls
 d - a scroll of identify {unknown}
 e - a scroll of amnesia {unknown}
 g - a scroll of magic mapping {unknown}
 h - a scroll of random uselessness {unknown}
Books
 a - a book of Frost

   Spells                             Type                      Level
   a - Freeze                         Ice                          1
   b - Throw Frost                    Conjuration/Ice              2
   c - Ozocubu's Armour               Charms/Ice                   3
   d - Throw Icicle                   Conjuration/Ice              4
   e - Summon Ice Beast               Ice/Summoning                4
Comestibles
 b - 3 rations
 c - 2 chunks of flesh


   Skills:
 - Level 0.5 Short Blades
 * Level 0.2 Maces & Flails
 * Level 2.2 Dodging
 * Level 2.3 Stealth
 + Level 2.2 Spellcasting
 + Level 1.0 Conjurations
 - Level 3.5 Ice Magic


You had 3 spell levels left.
You knew the following spells:

 Your Spells              Type           Power        Failure   Level  Hunger
a - Freeze                Ice            ##..         4%          1    #......
b - Throw Frost           Conj/Ice       #.....       12%         2    ###....


Dungeon Overview and Level Annotations

Branches:
Dungeon (2/15)

Altars:


Innate Abilities, Weirdness & Mutations

Your plain brown scales are hard. (AC +5)
You cannot fit into any form of body armour.
You are cold-blooded and may be slowed by cold attacks.


Message History

The adder bites you.
You barely miss the adder.
Your tail-slap misses the adder.
The adder is heavily wounded.
* * * LOW HITPOINT WARNING * * *
You feel sick. The adder closely misses you.
You closely miss the adder.
The adder is heavily wounded.
* * * LOW HITPOINT WARNING * * *
You feel sick. The adder barely misses you.
You barely miss the adder.
The adder is heavily wounded.
* * * LOW HITPOINT WARNING * * *
You feel sick. The adder barely misses you.
You hit the adder.
The adder is severely wounded.
You completely miss the adder.
The adder is severely wounded.
* * * LOW HITPOINT WARNING * * *
You feel sick.
The adder is no longer moving slowly.
The adder bites you.
You die...

#########
#.......#
#.@S..#
#.###.#
#...#
#...#
####.###.#
#........#
#.##.#####
# #.# #.#


You could see an adder.

Vanquished Creatures
  An ooze (D:2)
  A dart slug (D:2)
  A ball python (D:1)
  2 giant cockroaches (D:1)
  4 goblins (D:1)
  5 hobgoblins
  6 jackals (D:1)
  6 kobolds (D:1)
  4 bats (D:1)
  2 frilled lizards (D:1)
  4 rats (D:1)
36 creatures vanquished.

Notes
Turn   | Place    | Note
-------+----------+-------------------------------------------
     0 | D:1      | Greboboi the Draconian Ice Elementalist began the quest for the Orb.
     0 | D:1      | Reached XP level 1. HP: 14/14 MP: 3/3
    83 | D:1      | Reached XP level 2. HP: 19/20 MP: 0/5
   199 | D:1      | Learned a level 2 spell: Throw Frost
   443 | D:1      | Reached XP level 3. HP: 26/26 MP: 0/6
  1043 | D:2      | Slain by an adder

Skill      XL: |  1  2 |
---------------+-------+-----
Dodging        | 2 |  2.2
Stealth        | 2 |  2.3
Short Blades   | |  0.5
Maces & Flails | |  0.2
Spellcasting   | |  2.2
Conjurations   | |  1.0
Ice Magic      | |  3.5

Action                   || total
-------------------------++-------
Melee: Unarmed           ||    11
       Short sword       ||    15
       Whip              ||    31
 Cast: Freeze            ||    22
       Throw Frost       ||    17
  Eat: Ration            ||     1
       Chunk             ||     1
Armor: Skin              ||    20
Dodge: Dodged            ||    44
